 Dungeon Crawl Stone Soup version 0.18.1-50-g88ac8fd (webtiles) character file.

17056 mopl the Carver (level 12, -5/60 HPs)
             Began as a Vine Stalker Warper on May 17, 2017.
             Was an Elder of Pakellas.
             Shot with an arrow by a centaur warrior (20 damage)
             ... on level 11 of the Dungeon.
             The game lasted 00:28:19 (9408 turns).

mopl the Carver (Vine Stalker Warper)               Turns: 9408, Time: 00:28:20

Health: -5/60      AC: 10    Str: 14    XL:     12   Next: 44%
Magic:  0/20       EV: 15    Int: 13    God:    Pakellas [****..]
Gold:   231        SH:  0    Dex: 19    Spells: 4 memorised, 5 levels left

rFire  + + .     SeeInvis +     a - +3 scimitar (flame)
rCold  . . .     Gourm    .     r - +1 leather armour {rF+}
rNeg   . . .     Faith    .     (no shield)
rPois  .         Spirit   +     R - +0 hat {SInv}
rElec  .         Dismiss  .     (no cloak)
rCorr  .         Reflect  .     q - +1 pair of gloves
SustAt .         Harm     .     m - +2 pair of boots {run}
MR     +....                    (no amulet)
Stlth  +.........               (no ring)
                                l - ring of protection from fire

@: quick, somewhat resistant to hostile enchantments, very unstealthy
A: fangs 3, regeneration 3, magic shield, antimagic bite, no device heal 3, rot
immunity
a: Quick Charge, Device Surge, Renounce Religion


You were on level 11 of the Dungeon.
You worshipped Pakellas.
Pakellas was greatly pleased with you.
You were not hungry.

You visited 2 branches of the dungeon, and saw 12 of its levels.
You also visited: Ossuary.

You collected 568 gold pieces.
You spent 337 gold pieces at shops.

Inventory:

Hand Weapons
 a - a +3 scimitar of flaming (weapon)
 b - a +1 dagger of protection
Missiles
 e - 5 tomahawks of dispersal
 w - 5 javelins (quivered)
 W - 3 silver tomahawks
 X - 11 tomahawks
Armour
 m - a +2 pair of boots of running (worn)
 q - a +1 pair of gloves (worn)
 r - a +1 leather armour of fire resistance (worn)
 x - a +0 shield
 B - the -2 pair of gloves "Yvyr" {+Fly rF+ rC-}
   (You bought it in a shop on level 9 of the Dungeon)

   It protects you from fire.
   It makes you vulnerable to cold.
   It lets you fly.
 R - a +0 hat of see invisible (worn)
Jewellery
 l - a ring of protection from fire (left hand)
 p - an uncursed ring of flight
 M - an uncursed ring of protection from fire
Wands
 v - a wand of enslavement (12/24)
 y - a wand of iceblast (2/15)
 D - a wand of confusion (21/48)
 I - a wand of acid (12/15)
 O - a wand of iceblast (10/15)
 T - a wand of paralysis (17/24)
 V - a wand of lightning (0/15)
Scrolls
 d - 6 scrolls of blinking
 g - 2 scrolls of enchant weapon {unknown}
 h - 2 scrolls of noise {unknown}
 j - a scroll of magic mapping {unknown}
 o - 5 scrolls of remove curse
 s - 3 scrolls of teleportation
 t - 5 scrolls of amnesia {unknown}
 C - 4 scrolls of recharging {unknown}
 E - 2 scrolls of enchant armour {unknown}
 J - 3 scrolls of fog {unknown}
 K - 3 scrolls of immolation {unknown}
 Q - a scroll of random uselessness {unknown}
 Z - a scroll of vulnerability {unknown}
Potions
 c - a potion of beneficial mutation {unknown}
 k - 2 potions of curing
 u - 3 potions of resistance
 z - 3 potions of might
 A - 3 potions of brilliance
 F - a potion of haste
 G - 2 potions of cancellation {unknown}
 H - 4 potions of heal wounds {unknown}
 L - 2 potions of ambrosia {unknown}
 N - 4 potions of degeneration {unknown}
 P - a potion of flight {unknown}
 U - a potion of invisibility
Miscellaneous
 Y - a box of beasts
Comestibles
 f - 4 bread rations
 i - 4 meat rations
 n - 8 fruits
 S - 11 royal jellies


   Skills:
 + Level 5.4 Fighting
 * Level 12.6 Long Blades
 - Level 0.8 Throwing
 + Level 4.6 Armour
 + Level 5.1 Dodging
 - Level 2.1 Spellcasting
 - Level 3.0 Translocations
 + Level 9.8 Evocations


You had 5 spell levels left.
You knew the following spells:

 Your Spells              Type           Power        Failure   Level  Hunger
a - Apportation           Tloc           #.........   10%         1    ##.....
e - Blink                 Tloc           N/A          14%         2    ###....
p - Portal Projectile     Tloc           #.....       28%         3    ####...
P - Passage of Golubria   Tloc           N/A          85%         4    #####..


Dungeon Overview and Level Annotations

Branches:
Dungeon (11/15)            Temple (1/1) D:6             Orc (0/2) D:9
   Lair: D:8-11

Altars:
Dithmenos
Elyvilon
Gozag
Kikubaaqudgha
Nemelex Xobeh
Okawaru
Pakellas
Qazlal
Sif Muna
Vehumet
Zin
The Shining One

Shops:
D:5 **   D:9 [

Annotations:
D:4 exclusion: door
D:5 dig
D:11 Josephine


Innate Abilities, Weirdness & Mutations

You have razor-sharp teeth.
You regenerate.
When hurt, damage is shared between your health and your magic reserves.
Your bite disrupts and absorbs the magic of your enemies.
Potions and wands cannot restore your health.
You are immune to rotting.


Message History

You see here an adder corpse.
There is an open door, spattered with blood here.
Your pack is full.
Things that are here:
a long sword; 7 javelins of returning; a runed scale mail The centaur warrior shouts!
The centaur warrior wields a shortbow.
The centaur warrior shoots an arrow.
The arrow hits you!!
You see here an arrow.
The centaur warrior shoots an arrow.
The arrow barely misses you.
There is an open door here.
You close the door.
A centaur warrior opens the door.
The centaur warrior shoots an arrow.
The arrow hits you!
The centaur warrior shoots an arrow.
The arrow hits you!
* * * LOW HITPOINT WARNING * * *
You see here 2 arrows.
The centaur warrior shoots an arrow.
The arrow hits you!!
You die...
Pakellas says: That's one more possible approach eliminated.

....# ##+##.....#.....# ....#
........##.....# ....#
..#####'##.....#
....##+#####. ......#.....#
...........##+#.?....#....u#
.....................########
............................#
...............######.......#
####.....[.....'@(..#.......#
...'......[....#.†..'.......#
.[.#.......##'###'###c(.....#
)..#####'###..#...)..(......#
....#.........#......########
....'.........#......#
....#......†(c#......+ #+#
#########'#......# .....#+##


You could see a centaur warrior.

Vanquished Creatures
  Gastronok (D:8)
  Fannar (D:10)
  The ghost of epen the Grappler, a journeyman DrMo of Ru (D:9)
  Erica (D:8)
  Urug (D:11)
  An unseen horror (D:6)
  3 hill giants
  A wizard (D:11)
  A gargoyle (D:11)
  3 two-headed ogres
  A troll (D:11)
  2 wyverns
  A wraith (D:11)
  4 yaks
  2 hungry ghosts (D:9)
  2 hippogriffs
  2 soldier ants (D:9)
  2 large abominations (D:11)
  The ghost of mopl the Sneak, an amateur VSWr of Pakellas (D:4)
  7 orc warriors
  A black bear (D:6)
  2 ice beasts
  3 sky beasts (D:10)
  An eye of draining (D:11)
  A necrophage (D:7)
  4 phantoms
  2 wasps (D:9)
  4 ogres
  2 centaurs
  A big kobold (D:7)
  5 giant frogs
  4 water moccasin zombies
  2 scorpions
  2 water moccasin skeletons
  4 killer bees
  5 small abominations (D:11)
  6 wights
  5 howler monkeys
  3 crimson imps
  2 giant frog zombies
  2 quasits
  4 centaur zombies
  4 hounds
  6 orc priests
  3 jellies
  2 centaur skeletons
  A giant frog skeleton (D:10)
  3 iguanas
  Jessica (D:2)
  8 orc wizards
  8 worker ants
  A killer bee zombie (D:11)
  3 big kobold zombies (Ossuary)
  A hound skeleton (D:7)
  A howler monkey zombie (D:7)
  A howler monkey skeleton (D:6)
  2 mummies (Ossuary)
  4 gnolls (D:8)
  A worker ant zombie (D:10)
  16 adders
  A shadow imp (D:8)
  2 oozes
  6 adder zombies
  2 adder skeletons
  8 worms
  3 dart slugs
  4 giant geckos
  35 orcs
  4 giant cockroaches
  7 gnoll zombies (Ossuary)
  8 hobgoblins
  7 jackals
  5 quokkas
  2 ball pythons (D:2)
  4 bats
  2 giant newts
  11 goblins
  6 hobgoblin zombies (Ossuary)
  A jackal skeleton (D:6)
  9 kobolds
  5 kobold zombies (Ossuary)
  5 orc zombies (Ossuary)
  6 rats
312 creatures vanquished.

Notes
Turn   | Place    | Note
--------------------------------------------------------------
     0 | D:1      | mopl the Vine Stalker Warper began the quest for the Orb.
     0 | D:1      | Reached XP level 1. HP: 11/11 MP: 4/4
    58 | D:1      | Reached skill level 2 in Long Blades
   138 | D:1      | Reached XP level 2. HP: 11/15 MP: 6/6
   165 | D:1      | Learned a level 2 spell: Blink
   308 | D:1      | Reached skill level 3 in Long Blades
   466 | D:1      | Identified a +2 pair of boots of running (You found it on level 1 of the Dungeon)
   526 | D:2      | Reached XP level 3. HP: 18/18 MP: 4/7
   703 | D:2      | Noticed Jessica
   709 | D:2      | Killed Jessica
   709 | D:2      | Reached skill level 4 in Long Blades
   709 | D:2      | Reached XP level 4. HP: 23/23 MP: 8/8
  1261 | D:2      | Reached XP level 5. HP: 26/26 MP: 9/9
  1495 | D:3      | Found a faded altar to an unknown god.
  1614 | D:3      | Reached skill level 5 in Long Blades
  2099 | D:4      | Noticed a phantom
  2139 | D:4      | Gained mutation: You heal very quickly. [Vine Stalker growth]
  2139 | D:4      | Reached XP level 6. HP: 30/30 MP: 10/10
  2199 | D:3      | Killed a phantom
  2199 | D:3      | Reached skill level 6 in Long Blades
  2391 | D:4      | Noticed mopl's ghost (amateur VSWr)
  2422 | D:4      | Killed mopl's ghost
  2422 | D:4      | Reached XP level 7. HP: 27/34 MP: 8/11
  2508 | D:4      | Found a deep blue altar of Sif Muna.
  2620 | D:4      | Reached skill level 7 in Long Blades
  2620 | D:4      | Reached skill level 1 in Evocations
  2814 | D:5      | Entered Level 5 of the Dungeon
  2868 | D:5      | Found Kohajaang's Assorted Antiques.
  2871 | D:5      | Bought a scroll labeled ENACACS PEHE for 28 gold pieces
  2871 | D:5      | Bought a sedimented silvery potion for 25 gold pieces
  2871 | D:5      | Bought a scroll labeled LUSOAS YROTEKI for 28 gold pieces
  2973 | D:5      | Reached skill level 2 in Evocations
  3208 | D:5      | Found a sand-covered staircase.
  3213 | Ossuary  | Entered an ossuary
  3376 | Ossuary  | Gained mutation: You have razor-sharp teeth. [Vine Stalker growth]
  3376 | Ossuary  | Reached XP level 8. HP: 33/38 MP: 12/12
  3400 | Ossuary  | Reached skill level 3 in Evocations
  3534 | D:5      | Reached skill level 8 in Long Blades
  3633 | D:4      | Reached skill level 4 in Evocations
  3735 | D:5      | Found Qugav's Elemental Accessories.
  4580 | D:6      | Reached skill level 5 in Evocations
  4639 | D:6      | Got a scorched quarterstaff
  4676 | D:6      | Found a shadowy altar of Dithmenos.
  4680 | D:6      | Reached XP level 9. HP: 42/42 MP: 13/13
  4716 | D:6      | Found a staircase to the Ecumenical Temple.
  4753 | Temple   | Entered the Ecumenical Temple
  4766 | Temple   | Became a worshipper of Pakellas the Inventive
  5012 | D:6      | Reached skill level 9 in Long Blades
  5484 | D:7      | Reached skill level 6 in Evocations
  5506 | D:7      | Reached * piety under Pakellas
  5506 | D:7      | Received a gift from Pakellas
  5752 | D:7      | Found an ancient bone altar of Kikubaaqudgha.
  6037 | D:8      | Noticed Gastronok
  6118 | D:8      | Killed Gastronok
  6118 | D:8      | Reached skill level 10 in Long Blades
  6118 | D:8      | Reached skill level 8 in Evocations
  6118 | D:8      | Reached XP level 10. HP: 26/46 MP: 17/17
  6246 | D:6      | Noticed an unseen horror
  6275 | D:6      | Killed an unseen horror
  6275 | D:6      | Reached skill level 2 in Fighting
  6275 | D:6      | Reached skill level 1 in Armour
  6345 | D:8      | Noticed Erica
  6357 | D:8      | Killed Erica
  6357 | D:8      | Reached skill level 11 in Long Blades
  6357 | D:8      | Reached skill level 2 in Dodging
  6525 | D:8      | Reached skill level 2 in Armour
  6568 | D:8      | Reached ** piety under Pakellas
  6568 | D:8      | Received a gift from Pakellas
  6708 | D:8      | Learned a level 3 spell: Portal Projectile
  6713 | D:8      | Learned a level 4 spell: Passage of Golubria
  6936 | D:8      | Identified the +1 quarterstaff of Beogh's Approval {drain, rF+ Stlth+} (You found it on level 6 of the Dungeon)
  7011 | D:9      | Noticed epen's ghost (journeyman DrMo)
  7122 | D:9      | Reached skill level 3 in Fighting
  7205 | D:9      | Reached XP level 11. HP: 35/52 MP: 10/18
  7387 | D:9      | Reached skill level 3 in Dodging
  7392 | D:9      | Reached *** piety under Pakellas
  7392 | D:9      | Received a gift from Pakellas
  7483 | D:9      | Killed epen's ghost
  7488 | D:9      | Found a staircase to the Orcish Mines.
  7527 | D:9      | Reached skill level 9 in Evocations
  7539 | D:9      | Found Pikom's Antique Armour Shoppe.
  7579 | D:9      | Bought a pair of ancient gloves for 256 gold pieces
  7591 | D:9      | Identified the cursed -2 pair of gloves "Yvyr" {+Fly rF+ rC-} (You bought it in a shop on level 9 of the Dungeon)
  7664 | D:9      | Reached skill level 3 in Armour
  8086 | D:10     | Entered Level 10 of the Dungeon
  8101 | D:10     | Reached skill level 4 in Fighting
  8225 | D:10     | Reached **** piety under Pakellas
  8225 | D:10     | Received a gift from Pakellas
  8366 | D:10     | Noticed Fannar
  8377 | D:10     | Killed Fannar
  8401 | D:10     | Noticed a hill giant
  8411 | D:10     | Killed a hill giant
  8518 | D:10     | Reached skill level 4 in Dodging
  8636 | D:10     | Reached skill level 12 in Long Blades
  8795 | D:11     | Noticed a hill giant
  8815 | D:11     | Killed a hill giant
  8828 | D:11     | Reached skill level 4 in Armour
  8832 | D:11     | Gained mutation: You regenerate. [Vine Stalker growth]
  8832 | D:11     | Reached XP level 12. HP: 31/58 MP: 9/20
  8938 | D:11     | Reached skill level 5 in Fighting
  9257 | D:11     | Noticed Urug
  9258 | D:11     | Noticed a centaur warrior
  9266 | D:11     | Noticed Josephine
  9269 | D:11     | Reached skill level 5 in Dodging
  9375 | D:11     | Killed Urug
  9408 | D:11     | Shot with an arrow by a centaur warrior

Skill      XL: |  1  2  3  4  5  6  7  8  9 10 11 12 |
---------------+-------------------------------------+-----
Long Blades    | 2 3 4 5 6 7 8 10 11 12 | 12.6
Evocations     | 2 5 8 9 |  9.8
Fighting       | 3 4 5 |  5.4
Armour         | 2 4 |  4.6
Dodging        | 2 4 5 |  5.1
Throwing       | |  0.8
Spellcasting   | |  2.1
Translocations | |  3.0

Action                   |  1- 3 |  4- 6 |  7- 9 | 10-12 || total
-------------------------+-------+-------+-------+-------++-------
Melee: Falchion          |    85 |   234 |   396 |       ||   715
       Bite              |    20 |    62 |   178 |   156 ||   416
       Flail             |       |     5 |       |       ||     5
       Long sword        |       |       |   122 |    25 ||   147
       Scimitar          |       |       |       |   451 ||   451
Throw: Javelin           |       |     3 |    16 |     1 ||    20
 Cast: Blink             |       |       |       |     2 ||     2
Invok: Quick Charge      |       |       |       |     8 ||     8
Evoke: Wand              |       |       |     7 |    28 ||    35
  Use: Scroll            |       |       |     9 |     4 ||    13
       Potion            |       |       |     2 |       ||     2
 Stab: Sleeping          |       |     1 |     3 |     2 ||     6
       Paralysed         |       |       |       |    39 ||    39
  Eat: Chunk             |       |     5 |    10 |     8 ||    23
       Pizza             |       |       |     1 |       ||     1
       Beef jerky        |       |       |       |     3 ||     3
       Fruit             |       |       |       |     1 ||     1
Armor: Leather armour    |    28 |    99 |   203 |    95 ||   425
       Skin              |       |       |    27 |       ||    27
Dodge: Dodged            |    47 |   116 |   315 |   271 ||   749
